 Dungeon Crawl Stone Soup version 0.31.0-12-g77e489cdc1 (webtiles) character file.

Game seed: 17824290268956597427

22571 Xotis the Zephyrmancer (level 13, -11/86 HPs)
             Began as a Tengu Summoner on Feb 25, 2024.
             Was an Initiate of Gozag.
             Killed from afar by an oklob plant (24 damage)
             ... with a splash of acid
             ... on level 1 of the Lair of Beasts.
             The game lasted 00:31:58 (15706 turns).

Xotis the Zephyrmancer (Tengu Summoner)            Turns: 15706, Time: 00:31:59

Health: -11/86     AC:  9    Str: 14    XL:     13   Next: 1%
Magic:  12/18      EV: 17    Int: 20    God:    Gozag
Gold:   2614       SH:  0    Dex: 22    Spells: 9/18 levels left

rFire   . . .        a - +1 dagger (venom)
rCold   . . .        (no shield)
rNeg    . . .        x - +5 scale mail "Arof" {Str+6 Stlth-}
rPois   .            E - +2 hat
rElec   .            B - +0 cloak
rCorr   .            (no gloves)
SInv    .            (boots unavailable)
Will    .....        (no amulet) Stlth
                     T - +4 ring of protection
HPRegen 0.34/turn    D - +6 ring of dexterity
MPRegen 0.16/turn

%: acrobat
@: corroded, unable to call your familiar, flying
A: beak, talons 3, evasive flight, acrobatic
a: Renounce Religion, Potion Petition, Call Merchant, Bribe Branch


You were on level 1 of the Lair of Beasts.
You worshipped Gozag.
Gozag was most pleased with you.
You visited 3 branches of the dungeon, and saw 13 of its levels.

You collected 2848 gold pieces.
You paid 234 gold pieces to Gozag.


Innate Abilities, Weirdness & Mutations

You have a beak for a mouth.
You have claws for feet.
Your magical flight helps you evade attacks. (EV +4)
You can magically evade attacks while moving or waiting.


   Skills:
 - Level 12.0 Fighting
 - Level 11.0 Armour
 + Level 6.0 Dodging
 - Level 2.0 Stealth
 - Level 3.0 Spellcasting
 - Level 10.0 Summonings
 - Level 12.0 Air Magic
 - Level 7.0 Evocations


You had 9 spell levels left.
You knew the following spells:

 Your Spells              Type           Power      Damage    Failure   Level
c - Call Imp              Summ           86%        N/A       1%          2
f - Call Canine Familiar  Summ           43%        N/A       2%          3
l - Summon Lightning Spi  Summ/Air       47%        N/A       4%          4

Your spell library contained the following spells:

 Spells                   Type           Power      Damage    Failure   Level
 Summon Small Mammal      Summ           100%       N/A       1%          1
 Magic Dart               Conj           12%        1d3       41%         1
 Summon Blazeheart Golem  Fire/Summ      23%        N/A       50%         4
 Blink                    Tloc           6%         N/A       54%         2
 Ensorcelled Hibernation  Hex/Ice        6%         N/A       54%         2
 Searing Ray              Conj           6%         2d4       54%         2
 Fugue of the Fallen      Necr           3%         N/A       78%         3
 Anguish                  Hex/Necr       1%         N/A       99%         4
 Fulminant Prism          Conj/Alch      1%         3d5       99%         4

Inventory:

Hand Weapons
 a - a +1 dagger of venom (weapon)
Missiles
 e - 8 darts of dispersal {=f}
Armour
 x - the +5 scale mail "Arof" (worn) {Str+6 Stlth-}
   (You found it on level 5 of the Dungeon)

   Str+6:     It affects your strength (+6).
   Stlth-:    It makes you less stealthy.
 B - a +0 cloak (worn)
 E - a +2 hat (worn)
Magical Staves
 J - a staff of earth {!a}
Jewellery
 c - a ring of protection from cold
 C - a ring of protection from cold
 D - a +6 ring of dexterity (right hand)
 F - a ring of fire
 H - an amulet of guardian spirit
 M - a ring of magical power
 T - a +4 ring of protection (left hand)
Wands
 q - a wand of roots (9)
 G - a wand of mindburst (9)
 K - a wand of polymorph (5)
Scrolls
 g - 2 scrolls of blinking
 h - a scroll of silence {unknown}
 i - 9 scrolls of teleportation {@r2}
 j - a scroll of identify {@r1}
 k - 5 scrolls of amnesia
 l - a scroll of poison {unknown}
 r - 2 scrolls of fear {unknown}
 s - a scroll of noise {unknown}
 v - a scroll of vulnerability
 w - 2 scrolls of enchant armour {unknown}
 y - a scroll of immolation {unknown}
 N - a scroll of enchant weapon {unknown}
 O - 2 scrolls of brand weapon {unknown}
Potions
 b - 2 potions of magic
 d - 6 potions of curing {unknown}
 f - a potion of might {unknown}
 m - 7 potions of heal wounds {@q2}
 n - a potion of cancellation {unknown}
 o - 2 potions of ambrosia {unknown}
 p - a potion of mutation {unknown}
 t - a potion of invisibility {unknown}
 u - a potion of brilliance {unknown}
 z - 3 potions of enlightenment {unknown}
 A - a potion of haste {unknown}
 L - 3 potions of lignification {unknown}
 P - a potion of berserk rage {unknown}
Miscellaneous
 I - a tin of tremorstones (2/2)

Dungeon Overview and Level Annotations

Branches:
Dungeon (11/15)            Temple (1/1) D:5            Lair (1/5) D:9
    Orc (0/2) D:9

Altars:
Ashenzari
Cheibriados
Dithmenos
Elyvilon
Fedhas
Gozag
Hepliaklqana
Kikubaaqudgha
Makhleb
Nemelex Xobeh
Okawaru
Qazlal
Ru
Sif Muna
Trog
Uskayaw
Vehumet
Wu Jian
Xom
Yredelemnul
Zin
The Shining One

Annotations:
D:8 1 transporter
Lair:1 exclusion: oklob plant

................................#
..........#..####...............#
P####....#......................#
# #....#.......#.....##+##.##.#
#....P.......#....###.#..P#.#
#.........##.#.#...#.....##.# .
##....#.....######.+......##.#
P.##.....#....##P.$#..##......'.#
#.###.........##@".#..#########.#
P.P##...>.....##[.?#..#####.##..#
.........#.....###.#............#
...........#P.####.##...........#
...............##8###...........#
...............###.#............#
................................#
#####...........................#
P####..#####..##................#


You could see an oklob plant (very poisoned).


Message History

The splash of acid hits you. The acid corrodes you!
Unknown command.
The oklob plant spits acid at you. The splash of acid hits you!!
* * * LOW HITPOINT WARNING * * *
The acid corrodes you!
Unknown command.
You hit the oklob plant but do no damage.
You peck the oklob plant, but do no damage.
The oklob plant is heavily damaged.
Unknown command.
You hit the oklob plant but do no damage.
The oklob plant is poisoned.
You claw the oklob plant, but do no damage.
The oklob plant is heavily damaged.
You hit the oklob plant but do no damage.
You claw the oklob plant, but do no damage.
The oklob plant is heavily damaged.
The oklob plant spits acid at you. The splash of acid hits you!!
* * * LOW HITPOINT WARNING * * *
The acid corrodes you!
You hit the oklob plant but do no damage.
You claw the oklob plant.
You peck the oklob plant, but do no damage.
The oklob plant is severely damaged.
The oklob plant spits acid at you. The splash of acid hits you!!
You die...
Your body crumbles into a pile of gold.

Skill      XL: |  1  2  3  4  5  6  7  8  9 10 11 12 13 |
---------------+----------------------------------------+-----
Fighting       | 1 2 3 5 6 10 12 | 12.0
Summonings     | 5 6 7 9 10 | 10.0
Spellcasting   | 3 |  3.0
Air Magic      | 3 6 8 9 11 12 | 12.0
Armour         | 4 7 10 11 | 11.0
Evocations     | 3 6 7 |  7.0
Dodging        | 5 6 |  6.0
Stealth        | |  2.0

Action                     |  1- 3 |  4- 6 |  7- 9 | 10-12 | 13-15 || total
---------------------------+-------+-------+-------+-------+-------++-------
  Melee: Dagger            |    72 |    72 |   190 |   285 |    25 ||   644
         Kick              |    11 |    20 |    72 |   153 |    16 ||   272
         Peck              |    15 |    13 |    36 |    70 |    12 ||   146
         Punch             |     2 |       |     4 |     5 |     1 ||    12
   Cast: Summon Small Mamm |     3 |       |       |       |       ||     3
         Call Imp          |     6 |     4 |     1 |     5 |       ||    16
         Call Canine Famil |       |     5 |    12 |    20 |     2 ||    39
         Summon Lightning  |       |     1 |    28 |    58 |     4 ||    91
  Evoke: Wand              |       |       |       |     2 |       ||     2
    Use: Scroll            |       |     2 |     1 |     3 |       ||     6
         Potion            |       |       |       |     1 |       ||     1
   Stab: Sleeping          |     7 |     6 |       |       |       ||    13
         Distracted        |       |     1 |     2 |    10 |       ||    13
 Armour: Robe              |    27 |    33 |    39 |       |       ||    99
         Scale mail        |       |       |    81 |   247 |    20 ||   348
  Dodge: Dodged            |    63 |    48 |   181 |   278 |     3 ||   573

Levels and vault maps discovered:
D:1:      dpeg_arrival_rooms_with_view, layout_loops_ring, st_stairs_13
D:2:      layout_basic, basic_altar, serial_bayou_lake_a
D:3:      layout_basic
D:4:      minmay_polygon_palace, layout_cave_pools, nicolae_uskayaw_en_pointe,
          uniq_grinder, uniq_sigmund
D:5:      layout_rooms, minmay_temple_entry_poolview
D:6:      nicolae_whirlpool, layout_rooms, mainiacjoe_overflow_six_doors_small
D:7:      layout_layer_cave, lightli_temple_of_fire
D:8:      minmay_curly_fans, layout_basic, nicolae_qazlal_eye_of_the_storm,
          nicolae_diode_basic
D:9:      layout_roguey, mainiacjoe_overflow_cross_hatched, dpeg_lair_monsters,
          hiddenorc2_lemuel, onia_ninara_dug_in_and_dangerous
D:10:     layout_irregular_city, nicolae_overflow_crystal_walls,
          lemuel_zombie_altar_kikubaaqudgha
D:11:     layout_cave_pools, st_stairs_11, minmay_the_grid_2x2
          [minmay_the_grid_outer_circle, minmay_the_grid_broken_lines,
          minmay_the_grid_spikes, minmay_the_grid_prize_shrinking_boxes]
Temple:   hellmonk_temple_of_storms
Lair:1:   layout_regular_city, st_stairs_8, eino_small_chamber_without_monster,
          minmay_lair_oklob_items, nicolae_lair_lindhole

Notes
Turn   | Place    | Note
-------+----------+-------------------------------------------
     0 | D:1      | Xotis the Tengu Summoner began the quest for the Orb.
     0 | D:1      | Reached XP level 1. HP: 10/10 MP: 4/4
   174 | D:1      | Reached skill level 1 in Fighting
   235 | D:1      | Reached XP level 2. HP: 16/16 MP: 6/6
   346 | D:1      | Reached skill level 2 in Fighting
   349 | D:1      | Learned a level 2 spell: Call Imp
   394 | D:1      | Reached skill level 5 in Summonings
   446 | D:1      | HP: 1/17 [kobold/+0 short sword (3)]
   492 | D:1      | Reached XP level 3. HP: 13/21 MP: 4/7
  1191 | D:2      | Found a shadowy altar of Dithmenos.
  1206 | D:2      | Noticed a scorpion
  1220 | D:2      | Killed a scorpion
  1221 | D:2      | Reached skill level 6 in Summonings
  1221 | D:2      | Reached XP level 4. HP: 15/26 MP: 6/8
  1230 | D:2      | Learned a level 3 spell: Call Canine Familiar
  2193 | D:3      | Reached XP level 5. HP: 27/30 MP: 9/9
  2347 | D:3      | Reached skill level 7 in Summonings
  2510 | D:3      | Reached skill level 3 in Spellcasting
  2665 | D:3      | Learned a level 4 spell: Summon Lightning Spire
  3220 | D:4      | Noticed Sigmund
  3448 | D:4      | Killed Sigmund
  3449 | D:4      | Reached skill level 3 in Fighting
  3449 | D:4      | Reached skill level 3 in Air Magic
  3449 | D:4      | Reached XP level 6. HP: 37/37 MP: 11/11
  3546 | D:4      | Noticed a +0 spear
  3546 | D:4      | Noticed a +0 spear
  3547 | D:4      | Noticed a +0 short sword
  3547 | D:4      | Noticed a +0 short sword
  3547 | D:4      | Noticed a +0 dagger
  3548 | D:4      | Noticed a +0 falchion
  3548 | D:4      | Noticed a +0 dagger
  3548 | D:4      | Noticed a +0 falchion
  3553 | D:4      | Found a hide-covered altar of Uskayaw.
  3560 | D:4      | Noticed Grinder
  3572 | D:4      | Killed Grinder
  3573 | D:4      | Reached skill level 5 in Air Magic
  3573 | D:4      | Reached skill level 6 in Air Magic
  3573 | D:4      | Gained mutation: Your magical flight helps you evade
                  | attacks. (EV +4) [Tengu growth]
  3573 | D:4      | Reached XP level 7. HP: 35/41 MP: 12/12
  3799 | D:4      | Reached skill level 7 in Air Magic
  3985 | D:4      | Reached skill level 8 in Air Magic
  4039 | D:4      | Reached XP level 8. HP: 35/46 MP: 13/13
  4224 | D:4      | Reached skill level 9 in Air Magic
  4587 | D:4      | Identified the +5 falchion of the Several Dances
                  | {antimagic, rN+}
  4679 | D:5      | Entered Level 5 of the Dungeon
  4696 | D:5      | Found a staircase to the Ecumenical Temple.
  4746 | Temple   | Entered the Ecumenical Temple
  4755 | Temple   | Became a worshipper of Gozag Ym Sagoz the Greedy
  4967 | D:5      | Reached skill level 8 in Summonings
  5345 | D:5      | Identified the +5 scale mail "Arof" {Str+6 Stlth-}
  5550 | D:5      | Reached skill level 9 in Summonings
  5681 | D:6      | Reached skill level 1 in Armour
  5686 | D:6      | Reached skill level 2 in Armour
  5749 | D:6      | Reached skill level 4 in Armour
  5836 | D:6      | Reached XP level 9. HP: 50/50 MP: 14/14
  6082 | D:6      | Reached skill level 5 in Armour
  6151 | D:6      | Found a shimmering altar of Xom.
  6935 | D:7      | Reached skill level 6 in Armour
  7015 | D:7      | Reached skill level 7 in Armour
  7305 | D:7      | Found a burning altar of Makhleb.
  8009 | D:8      | Found a transporter.
  8025 | D:8      | Reached skill level 10 in Air Magic
  8101 | D:8      | Found a stormy altar of Qazlal.
  8162 | D:8      | Noticed a gargoyle
  8413 | D:8      | Killed an unseen horror
  8414 | D:8      | Reached skill level 11 in Air Magic
  8414 | D:8      | Reached skill level 2 in Evocations
  8650 | D:8      | Reached skill level 3 in Evocations
  9002 | D:9      | Noticed a two-headed ogre
  9040 | D:9      | Noticed a death yak
  9040 | D:9      | Found a staircase to the Lair.
  9041 | D:9      | Noticed a death yak
  9222 | D:9      | Found a bloodstained altar of Trog.
  9225 | D:9      | Killed a two-headed ogre
  9226 | D:9      | Reached skill level 5 in Fighting
  9226 | D:9      | Reached XP level 10. HP: 13/59 MP: 10/15
  9517 | D:9      | Noticed a two-headed ogre
  9535 | D:9      | Killed a two-headed ogre
  9536 | D:9      | Reached skill level 8 in Armour
  9698 | D:9      | Noticed a death yak
  9717 | D:9      | Killed a death yak
  9718 | D:9      | Reached skill level 9 in Armour
  9726 | D:9      | Killed a death yak
  9727 | D:9      | Reached skill level 10 in Armour
  9730 | D:9      | Killed a death yak
  9731 | D:9      | Reached skill level 10 in Summonings
  9927 | D:9      | Reached skill level 6 in Fighting
 10060 | D:9      | Reached XP level 11. HP: 55/66 MP: 11/16
 10131 | D:9      | Reached skill level 7 in Fighting
 10353 | D:9      | Found a staircase to the Orcish Mines.
 10695 | D:9      | Noticed a two-headed ogre
 10758 | D:10     | Entered Level 10 of the Dungeon
 10929 | D:10     | Reached skill level 8 in Fighting
 11190 | D:10     | Reached skill level 4 in Evocations
 11477 | D:10     | Found an ancient bone altar of Kikubaaqudgha.
 11620 | D:10     | Found a blossoming altar of Fedhas.
 11888 | D:11     | Noticed a boulder beetle
 11954 | D:11     | Noticed a two-headed ogre
 11961 | D:11     | Killed a two-headed ogre
 12065 | D:11     | Reached skill level 5 in Evocations
 12093 | D:11     | Noticed a boulder beetle
 12109 | D:11     | Killed a boulder beetle
 12110 | D:11     | Reached skill level 9 in Fighting
 12288 | D:11     | Noticed a centaur warrior
 12300 | D:11     | Killed a centaur warrior
 12469 | D:11     | Reached skill level 6 in Evocations
 12548 | D:11     | Killed a boulder beetle
 12580 | D:11     | Noticed a green ugly thing
 12588 | D:11     | Killed a green ugly thing
 12670 | D:11     | Reached skill level 10 in Fighting
 12670 | D:11     | Reached XP level 12. HP: 77/77 MP: 13/17
 12675 | D:11     | Reached skill level 7 in Evocations
 12822 | D:11     | Noticed a two-headed ogre
 12836 | D:11     | Killed a two-headed ogre
 12837 | D:11     | Reached skill level 12 in Air Magic
 13112 | D:11     | Noticed a centaur warrior
 13122 | D:11     | Killed a centaur warrior
 13307 | D:11     | Noticed a boulder beetle
 13312 | D:11     | Reached skill level 11 in Fighting
 13348 | D:11     | Killed a boulder beetle
 13506 | D:11     | Noticed a boulder beetle
 13514 | D:11     | Killed a boulder beetle
 13800 | D:11     | Noticed a two-headed ogre
 13810 | D:11     | Killed a two-headed ogre
 13811 | D:11     | Reached skill level 12 in Fighting
 14079 | Lair:1   | Entered Level 1 of the Lair of Beasts
 14158 | Lair:1   | Reached skill level 3 in Dodging
 14443 | Lair:1   | Reached skill level 4 in Dodging
 14736 | Lair:1   | Reached skill level 11 in Armour
 14770 | Lair:1   | Reached skill level 5 in Dodging
 15043 | Lair:1   | Reached XP level 13. HP: 86/86 MP: 18/18
 15093 | Lair:1   | Reached skill level 6 in Dodging
 15706 | Lair:1   | Killed from afar by an oklob plant

Vanquished Creatures
  2 boulder beetles (D:11)
  2 two-headed ogres (D:11)
  A death yak (D:9)
  A lindwurm (Lair:1)
  A black mamba (Lair:1)
  A gargoyle (D:10)
  A cane toad (Lair:1)
  2 kobold demonologists
  An unseen horror (D:11)
  A hornet (D:11)
  A troll (D:11)
  A blink frog (Lair:1)
  Sigmund (D:4)
  A shadow (D:11)
  A wraith (D:11)
  A basilisk (Lair:1)
  A vampire mosquito (D:8)
  A water moccasin (Lair:1)
  An orc warrior (D:8)
  A phantom (D:5)
  7 centaurs
  2 kobold brigands
  2 bullfrogs (Lair:1)
  A scorpion (D:2)
  2 wights
  3 killer bees
  6 howler monkeys
  8 hounds
  An orc priest (D:9)
  3 iguanas
  7 orc wizards
  2 adders
  An adder zombie (D:10)
  A dart slug (D:2)
  5 ribbon worms
  15 orcs
  5 ball pythons
  5 endoplasms
  A giant cockroach (D:3)
  4 goblins
  2 hobgoblins
  9 jackals
  10 kobolds
  6 quokkas
  4 bats
  3 frilled lizards
  A jackal zombie (D:10)
  5 rats
144 creatures vanquished.

Vanquished Creatures (collateral kills)
  2 centaur warriors (D:11)
  2 boulder beetles (D:11)
  3 two-headed ogres
  2 death yaks (D:9)
  A skeletal warrior (D:11)
  A lindwurm (Lair:1)
  An ugly thing (D:11)
  A manticore (D:11)
  A cane toad (Lair:1)
  2 black mambas (Lair:1)
  2 unseen horrors
  2 kobold demonologists (D:10)
  A troll (D:11)
  Grinder (D:4)
  2 blink frogs (Lair:1)
  3 wyverns
  A vampire (D:11)
  A wraith (D:10)
  A centaur simulacrum (D:11)
  A basilisk (D:11)
  A steam dragon (D:6)
  3 acid dragons
  3 water moccasins
  A sky beast (D:6)
  An ice beast (D:4)
  2 ogres
  3 centaurs (D:11)
  2 phantoms
  2 gnoll sergeants
  10 wights
  A burial acolyte (D:10)
  7 killer bees
  2 bombardier beetles
  A hound (D:4)
  4 orc priests
  An iguana (D:5)
  2 sleepcaps
  5 orc wizards
  2 hell rats (D:9)
  8 gnolls
  2 adders (D:4)
  3 river rats (D:9)
  An adder zombie (D:10)
  A dart slug (D:1)
  A ribbon worm (D:4)
  30 orcs
  A ball python (D:1)
  5 endoplasms
  A giant cockroach (D:4)
  A hobgoblin (D:4)
  A jackal (D:1)
  14 kobolds
  A quokka (D:1)
  3 goblins
  A rat (D:9)
  A rat (shapeshifter) (D:11)
159 creatures vanquished.

Grand Total: 303 creatures vanquished

Table legend: (Time is in decaauts)
 A = Elapsed time spent in this place.
 B = Non-inter-level travel time spent in this place.
 C = Inter-level travel time spent in this place.
 D = Time resting spent in this place.
 E = Time spent auto-exploring this place.
 F = Levels seen in this place.
 G = Mean time per level.
                   A        B        C        D        E       F      G
               +--------+--------+--------+--------+--------+-----+--------+
         Total |  15742 |  15227 |    515 |   4782 |   7869 |  13 | 1210.9 |
       Dungeon |  14095 |  13589 |    506 |   4156 |   7077 |  11 | 1281.4 |
        Temple |     18 |     10 |      8 |      0 |      0 |   1 |   18.0 |
          Lair |   1627 |   1627 |      0 |    626 |    792 |   1 | 1627.0 |
               +--------+--------+--------+--------+--------+-----+--------+

Top non-repeatable levels by time:
    D:11: 2136 daAuts
     D:7: 1804 daAuts
  Lair:1: 1627 daAuts
     D:9: 1552 daAuts
     D:4: 1314 daAuts
     D:3: 1292 daAuts
    D:10: 1179 daAuts
     D:2: 1103 daAuts
     D:1: 1050 daAuts
     D:5: 912 daAuts
     D:8: 895 daAuts
     D:6: 853 daAuts
  Temple: 18 daAuts

Table legend:
 A = Non-vault XP
 B = Vault XP
 C = Vault XP percentage of total XP
 D = Non-vault monster count
 E = Vault monster count
 F = Vault count percentage of total count
                 A         B        C        D         E       F
            +---------+---------+-------+---------+---------+-------
      Total |   18880 |   13365 |  41.4 |     206 |      97 |  32.0
            +---------+---------+-------+---------+---------+-------
        D:1 |      52 |       5 |   8.8 |      30 |       3 |   9.1
        D:2 |     102 |       0 |   0.0 |      12 |       0 |   0.0
        D:3 |     120 |       0 |   0.0 |      19 |       0 |   0.0
        D:4 |     129 |    1020 |  88.8 |      10 |      21 |  67.7
        D:5 |     496 |       0 |   0.0 |      10 |       0 |   0.0
        D:6 |     639 |     141 |  18.1 |       9 |       2 |  18.2
        D:7 |     802 |       0 |   0.0 |      16 |       0 |   0.0
        D:8 |     406 |     555 |  57.8 |      18 |       2 |  10.0
        D:9 |    2874 |    2905 |  50.3 |      20 |      43 |  68.3
       D:10 |    2603 |      85 |   3.2 |      22 |       4 |  15.4
       D:11 |    6988 |    7151 |  50.6 |      27 |      19 |  41.3
     Lair:1 |    3669 |    1503 |  29.1 |      13 |       3 |  18.8
            +---------+---------+-------+---------+---------+-------
